 Dungeon Crawl Stone Soup version 0.19-a0-1782-g81ad427 (webtiles) character file.

14 AmbiguousPuzuma the Insei (level 2, -4/16 HPs)
             Began as a Vine Stalker Monk on Oct 2, 2016.
             Killed from afar by Natasha (7 damage)
             ... with a magic dart
             ... on level 3 of the Dungeon.
             The game lasted 00:01:46 (327 turns).

AmbiguousPuzuma the Insei (Vine Stalker Monk)        Turns: 327, Time: 00:01:47

Health: -4/16      AC:  6    Str: 13    XL:     2   Next: 41%
Magic:  0/3        EV: 11    Int: 10    God:
Gold:   28         SH:  0    Dex: 16    Spells: 0 memorised, 1 level left

rFire  + . .     SeeInvis .       - Unarmed
rCold  . . .     Gourm    .     c - +0 ring mail
rNeg   . . .     Faith    .     (no shield)
rPois  .         Spirit   +     (no helmet)
rElec  .         Dismiss  .     (no cloak)
rCorr  .         Reflect  .     (no gloves)
MR     .....     Harm     .     (no boots)
Stlth  ++........               (no amulet)
                                (no ring)
                                (no ring)

@: slowed, very slow
A: fangs 2, rugged brown scales 1, fire resistance 1, magic shield, antimagic
bite, no device heal 3, rot immunity
a: no special abilities


You were on level 3 of the Dungeon.
You were not hungry.

You visited 1 branch of the dungeon, and saw 4 of its levels.

You collected 28 gold pieces.

Inventory:

Missiles
 e - a throwing net
Armour
 a - a +0 robe
 c - a +0 ring mail (worn)
   (You found it on level 1 of the Dungeon)
Scrolls
 d - a scroll of enchant armour {unknown}
Potions
 h - a potion of haste {unknown}
Comestibles
 b - 2 bread rations
 g - a chunk of flesh


   Skills:
 - Level 2.6 Fighting
 - Level 2.4 Dodging
 - Level 2.4 Stealth
 + Level 3.7 Unarmed Combat


You had one spell level left.
You didn't know any spells.

Dungeon Overview and Level Annotations

Branches:
Dungeon (4/15)
 Temple: D:4-7

Altars:

Annotations:
D:3 Natasha


Innate Abilities, Weirdness & Mutations

You have extremely sharp teeth.
When hurt, damage is shared between your health and your magic reserves.
Your bite disrupts and absorbs the magic of your enemies.
Potions and wands cannot restore your health.
You are immune to rotting.
You are partially covered in rugged brown scales. (AC +1, +3% HP)
Your flesh is heat resistant. (rF+)


Message History

The frilled lizard completely misses you.
You hit the frilled lizard. The frilled lizard misses you.
You hit the frilled lizard.
You kill the frilled lizard!
No target in view!
No target in view!
No target in view!
No target in view!
No target in view!
No target in view!
No target in view!
No target in view!
No target in view!
No target in view!
No target in view!
No target in view!
No target in view!
No target in view!
No target in view!
No target in view!
No target in view!
No target in view!
Found a stone staircase leading down.
Found 16 sling bullets.
Found an escape hatch in the floor.
Found 6 gold pieces.
There is a stone staircase leading down here.
You climb downwards.
There is a stone staircase leading up here.
Found a stone staircase leading down.
Found a viscous grey potion.
There is a stone staircase leading down here.
You climb downwards. 4 gnolls and a dart slug come into view.
The gnoll shouts! x3
Found a twisted blue amulet, a beef jerky and 13 gold pieces.
There is a stone staircase leading up here.
You climb upwards.
There is a stone staircase leading down here.
Health restored: 16
Found a ring mail.
h - a viscous grey potion You open the door.
A hobgoblin comes into view. It is wielding a club.
The hobgoblin shouts!
You hear a shout!
A hobgoblin comes into view.
There is an open door here.
Wear which item? (? for menu, Esc to quit)
Okay, then.
You hit the hobgoblin.
You bite the hobgoblin, but do no damage.
The hobgoblin hits you with a club.
You take 2 damage, and have 14/16 hp.
You barely miss the hobgoblin. The hobgoblin hits you with a club.
You take 2 damage, and have 12/16 hp.
You now have 2/3 mp.
You hit the hobgoblin.
You kill the hobgoblin!
Things that are here:
a club; a hobgoblin corpse The hobgoblin completely misses you.
You barely miss the hobgoblin.
You bite the hobgoblin, but do no damage.
The hobgoblin hits you.
* * * LOW HITPOINT WARNING * * *
You take 2 damage, and have 10/16 hp.
You barely miss the hobgoblin.
The hobgoblin hits you but does no damage.
You hit the hobgoblin. You bite the hobgoblin. You drain its power.
You feel invigorated. The hobgoblin hits you.
* * * LOW HITPOINT WARNING * * *
You take 1 damage, and have 9/16 hp.
MP restored: 3 You hit the hobgoblin.
You kill the hobgoblin!
You see here a hobgoblin corpse.
Found a bread ration.
Found 8 poisoned needles.
b - 2 bread rations (gained 1) Natasha, Servant of Life and Death comes into view.
Natasha hisses angrily.
Natasha casts a spell at you. The magic dart hits you!
* * * LOW HITPOINT WARNING * * *
You take 3 damage, and have 7/16 hp.
You now have 1/3 mp.
Natasha casts a spell at you.
You feel yourself slow down.
Unknown command.
Natasha moves out of view.
A hobgoblin comes into view.
Okay, then.
The hobgoblin shouts!
Natasha claws you.
* * * LOW HITPOINT WARNING * * *
Natasha closely misses you.
You take 4 damage, and have 3/16 hp.
MASSIVE DAMAGE!!
You now have 0/3 mp.
It was a potion of mutation.
You feel extremely strange.
You feel resistant to heat.
Rugged brown scales grow over part of your body.
Natasha stares at you and mumbles some strange words.
The magic dart hits you!
You die...

#..#......
#..#......
####..####...
#.....#######
#.##.......
#.###..#### .
#......# .g.
####...#
...(.####@..#
.......gh...#
#####.####..#
# #..# #..#
#..# #..#
#..# #..#


You could see Natasha and a hobgoblin.

Vanquished Creatures
  A dart slug (D:1)
  A giant cockroach (D:2)
  A goblin (D:2)
  3 hobgoblins
  2 jackals (D:2)
  A frilled lizard (D:2)
  A rat (D:2)
10 creatures vanquished.

Notes
Turn   | Place    | Note
-------+----------+-------------------------------------------
     0 | D:1      | AmbiguousPuzuma the Vine Stalker Monk began the quest for the Orb.
     0 | D:1      | Reached XP level 1. HP: 11/11 MP: 2/2
   129 | D:2      | Reached XP level 2. HP: 8/16 MP: 1/3
   320 | D:3      | Noticed Natasha
   326 | D:3      | HP: 3/16 [Natasha (4)]
   327 | D:3      | Gained mutation: Your flesh is heat resistant. (rF+) [potion of mutation]
   327 | D:3      | Gained mutation: You are partially covered in rugged brown scales. (AC +1, +3% HP) [potion of mutation]
   327 | D:3      | Killed from afar by Natasha

Vault maps used:
D:1:      minmay_arrival_four_loops
D:2:      zin_angel, nicolae_overflow_hidden_temple, minmay_pentomino_q2
D:3:      first_bread, grunt_gozag_statues, uniq_grinder, uniq_natasha
D:4:      serial_column_ruins, column_ruins_hut, column_ruins_hut,
          column_ruins_open_medium, column_ruins_grid_4,
          column_ruins_corridor_straight, serial_shops, shop

Action                   || total
-------------------------++-------
Melee: Unarmed           ||    32
       Bite              ||     8
  Use: Potion            ||     1
Armor: Ring mail         ||     9
Dodge: Dodged            ||    13

Vault maps used:
D:1:      minmay_arrival_four_loops
D:2:      zin_angel, nicolae_overflow_hidden_temple, minmay_pentomino_q2
D:3:      first_bread, grunt_gozag_statues, uniq_grinder, uniq_natasha
D:4:      serial_column_ruins, column_ruins_hut, column_ruins_hut,
          column_ruins_open_medium, column_ruins_grid_4,
          column_ruins_corridor_straight, serial_shops, shop

Table legend:
 A = Turns spent in this place as a percentage of turns spent in the entire game.
 B = Non-inter-level travel turns spent in this place as a percentage of non-inter-level travel turns spent in the entire game.
 C = Inter-level travel turns spent in this place as a percentage of turns spent in this place.
 D = Turns resting spent in this place as a percentage of non-inter-level travel turns spent in this place.
 E = Turns spent auto-exploring this place as a percentage of non-inter-level travel turns spent in this place.
 F = Non-inter-level travel turns spent in this place divided by the number of levels of this place that you've seen.
                   A       B       C       D       E      F
               +-------+-------+-------+-------+-------+----------------------
         Total | 100.0 | 100.0 |   0.6 |   0.0 |   0.0 |  81.8
       Dungeon | 100.0 | 100.0 |   0.6 |   0.0 |   0.0 |  81.8
               +-------+-------+-------+-------+-------+----------------------

Table legend:
 A = Kills in this place as a percentage of kills in entire the game.
 B = Kills by you in this place as a percentage of kills by you in the entire game.
 C = Kills by friends in this place as a percentage of kills by friends in the entire game.
 D = Other kills in this place as a percentage of other kills in the entire game.
 E = Experience gained in this place as a percentage of experience gained in the entire game.
 F = Experience gained in this place divided by the number of levels of this place that you have seen.
                   A       B       C       D       E      F
               +-------+-------+-------+-------+-------+----------------------
         Total | 100.0 | 100.0 |  -nan |  -nan | 100.0 |   5.0
       Dungeon | 100.0 | 100.0 |  -nan |  -nan | 100.0 |   5.0
               +-------+-------+-------+-------+-------+----------------------
